 Dungeon Crawl Stone Soup version 0.29-a0-322-g68df515428 (webtiles) character file.

Game seed: 12985619862489660870

259 YayAnonymity the Conjurer (level 5, -11/28 HPs)
             Began as a Deep Elf Conjurer on Apr 6, 2022.
             Killed by divine providence
             ... invoked by an orc priest
              (13 damage)
             ... on level 4 of the Dungeon.
             The game lasted 00:08:08 (4139 turns).

YayAnonymity the Conjurer (Deep Elf Conjurer)       Turns: 4139, Time: 00:08:08

Health: -11/28     AC:  4    Str:  4    XL:     5   Next: 94%
Magic:  2/13       EV: 12    Int: 25    God:
Gold:   1248       SH:  0    Dex: 13    Spells: 9/12 levels left

rFire   . . .      SeeInvis .   s - +1 demon blade (venom)
rCold   . . .      Faith    .   (no shield)
rNeg    . . .      Spirit   .   e - +0 robe
rPois   .          Reflect  .   y - +0 helmet
rElec   .          Harm     .   A - +0 cloak
rCorr   .          Rampage  .   (no gloves)
Will    .....                   (no boots)
Stlth   ++........              (no amulet)
HPRegen 0.09/turn               n - ring of flight
MPRegen 0.13/turn               (no ring)

@: flying
A: no striking features
a: no special abilities


You were on level 4 of the Dungeon.
You visited 1 branch of the dungeon, and saw 4 of its levels.

You collected 1248 gold pieces.

Inventory:

Hand Weapons
 a - a +0 hunting sling
 s - a +1 demon blade of venom (weapon)
Missiles
 r - 11 poisoned darts
Armour
 e - a +0 robe (worn)
 y - a +0 helmet (worn)
 A - a +0 cloak (worn)
Magical Staves
 b - a staff of earth
Jewellery
 n - a ring of flight (left hand)
Wands
 u - a wand of digging (8)
 v - a wand of polymorph (9)
Scrolls
 o - a scroll of brand weapon
Potions
 c - a potion of curing
 d - 2 potions of lignification
 h - 2 potions of flight {unknown}
 j - a potion of magic
 p - a potion of resistance {unknown}
 q - a potion of might {unknown}
 w - a potion of berserk rage {unknown}
 x - a potion of mutation {unknown}
 z - a potion of invisibility {unknown}


   Skills:
 + Level 2.6 Staves
 - Level 2.4 Dodging
 - Level 2.4 Stealth
 - Level 4.0 Spellcasting
 * Level 6.9 Conjurations


You had 9 spell levels left.
You knew the following spells:

 Your Spells              Type           Power      Damage    Failure   Level
a - Magic Dart            Conj           100%       1d8       1%          1
b - Searing Ray           Conj           78%        2d7       1%          2

Your spell library contained the following spells:

 Spells                   Type           Power      Damage    Failure   Level
 Static Discharge         Conj/Air       22%        N/A       3%          2
 Dazzling Flash           Conj/Hex       44%        N/A       7%          3
 Stone Arrow              Conj/Erth      44%        3d9       7%          3
 Sandblast                Erth           10%        2d5       9%          1
 Slow                     Hex            20%        N/A       9%          1
 Passwall                 Tmut/Erth      4%         N/A       14%         2
 Fulminant Prism          Conj/Hex       11%        3d9       22%         4
 Iskenderun's Mystic Bla  Conj/Tloc      22%        2d6       22%         4
 Confusing Touch          Hex            5%         N/A       26%         3
 Vampiric Draining        Necr           5%         2d6       26%         3
 Lightning Bolt           Conj/Air       11%        1d24      52%         5
 Maxwell's Capacitive Co  Air            2%         ∞         100%        8


Dungeon Overview and Level Annotations

Branches:
Dungeon (4/15)
 Temple: D:4-7

Altars:
Sif Muna

Annotations:
D:3 1 transporter, rabbitsville's ghost, amateur MiHu


Message History

Aim: an orc priest, wielding a +0 flail and wearing a +0 scale mail (100% to hit)
The magic dart hits the orc priest but does no damage.
Casting: Magic Dart (safe; 1% risk of failure)
Confirm with . or Enter, or press ? or * to list all spells.
Aiming: Searing Ray (safe; 1% risk of failure)
Press: ? - help, Shift-Dir - straight line, f/p - orc priest
Aim: an orc priest, wielding a +0 flail and wearing a +0 scale mail (83% to hit)
The searing ray hits the orc priest!
The orc priest is severely wounded. (Press . to maintain the ray.)
An orc comes into view. It is wielding a +0 flail.
Without enough magic to sustain it, your searing ray dissipates.
The orc priest hits you with a +0 flail!
An orc priest comes into view. It is wielding a +0 morningstar.
The orc priest casts a cantrip, but nothing happens.
Casting: Searing Ray (safe; 1% risk of failure)
Confirm with . or Enter, or press ? or * to list all spells.
You don't have enough magic to cast this spell.
The orc priest shouts!
You slash the orc priest!
You kill the orc priest!
The orc throws a boomerang.
The boomerang barely misses you. The orc closely misses you.
Things that are here:
a +0 flail; a +0 scale mail; an orc corpse You slash the orc!
You kill the orc!
The orc priest casts a cantrip, but nothing happens.
The orc priest invokes the aid of Beogh against you.
Pain shoots through your body!
Items here: ( )) [.
You slash the orc priest!
The orc priest is severely wounded.
The orc priest hits you with a +0 morningstar!
* * * LOW HITPOINT WARNING * * *
You barely miss the orc priest.
The orc priest is severely wounded.
The orc priest calls down the wrath of Beogh upon you.
Beogh smites you!
You die...

*************######JlS......
*,,,,,,,,,,,,#....g.####.###
*,**********.............#
*,* *##.########### *,*
***####,** **** *,*
*,,..#*..# ,,,***,*
*,*#.#*#.# ,*,,,,,* *,*#o#
#.# ,*****,* *,*#@# #.# **
*,* *,*#)# #.# *###****** *
*,* ***,*#.# #.# #..,,,,,,*
* *,* *,,,*#.# #.#
#.#*****,# *,*
*,***#.###.###.#####*.#
*,********#.............##.#
*,*,,,,,,,#.........###.#...
*,*,,,,,,,#.###.#...# #.....
* *,*,,,,,,,#.#
#.#...###.....


You could see an orc priest.

Vanquished Creatures
  An orc priest (D:4)
  Jessica (D:3)
  An orc wizard (D:4)
  Ijyb (D:2)
  Robin (D:3)
  7 adders
  2 worms
  2 dart slugs
  2 orcs (D:4)
  9 ball pythons
  4 endoplasms
  A giant cockroach (D:3)
  16 goblins
  8 hobgoblins
  4 quokkas
  4 bats
  2 frilled lizards
  4 kobolds
  2 rats
72 creatures vanquished.

Notes
Turn   | Place    | Note
-------+----------+-------------------------------------------
     0 | D:1      | YayAnonymity the Deep Elf Conjurer began the quest for the
                  | Orb.
     0 | D:1      | Reached XP level 1. HP: 10/10 MP: 6/6
   300 | D:1      | Reached XP level 2. HP: 15/15 MP: 6/8
   303 | D:1      | Learned a level 2 spell: Searing Ray
   909 | D:1      | Reached skill level 5 in Conjurations
  1028 | D:2      | Reached XP level 3. HP: 19/19 MP: 2/10
  1446 | D:2      | Reached skill level 1 in Staves
  1961 | D:3      | Reached XP level 4. HP: 22/24 MP: 8/12
  2025 | D:3      | Noticed Ijyb
  2040 | D:2      | Killed Ijyb
  2331 | D:3      | Found a transporter.
  2359 | D:3      | Noticed rabbitsville's ghost (amateur MiHu)
  2367 | D:3      | Found a faded altar of an unknown god.
  2445 | D:3      | Reached skill level 6 in Conjurations
  2536 | D:3      | Noticed Jessica
  2538 | D:3      | Killed Jessica
  2539 | D:3      | Reached XP level 5. HP: 28/28 MP: 10/13
  2644 | D:3      | Noticed Robin
  2722 | D:3      | Killed Robin
  3573 | D:3      | Found a shimmering blue altar of Sif Muna.
  4005 | D:4      | Identified a scroll of acquirement
  4005 | D:4      | Acquired 1051 gold pieces
  4139 | D:4      | Killed from afar by an orc priest

Illustrated notes

Levels and vault maps discovered:
D:1:      minmay_arrival_nine_rooms, layout_loops_ring,
          minmay_misc_feat_nine_boxes, minmay_tiny_reverse_x
D:2:      layout_loops_ring
D:3:      layout_basic, general_overflow_altar, gammafunk_ghost_mausoleum,
          shapermc_ecumenical_altar_notcrosses, minmay_misc_feat_roman,
          minivault_25, uniq_robin, uniq_ijyb, uniq_jessica
D:4:      kennysheep_kobold_camp, layout_loops_ring,
          mainiacjoe_overflow_tiny_flanked, kennysheep_generic_room_11

Skill      XL: |  1  2  3  4 |
---------------+-------------+-----
Conjurations   | 5 6 |  6.9
Staves         | 1 2 |  2.6
Spellcasting   | 4 |  4.0
Dodging        | |  2.4
Stealth        | |  2.4

Action                   |  1- 3 |  4- 6 || total
-------------------------+-------+-------++-------
Melee: Demon blade       |       |     8 ||     8
 Cast: Magic Dart        |    60 |    53 ||   113
       Searing Ray       |     4 |    16 ||    20
  Use: Scroll            |       |    10 ||    10
Armor: Robe              |       |     4 ||     4
Dodge: Dodged            |     1 |     8 ||     9

Table legend: (Time is in decaauts)
 A = Elapsed time spent in this place.
 B = Non-inter-level travel time spent in this place.
 C = Inter-level travel time spent in this place.
 D = Time resting spent in this place.
 E = Time spent auto-exploring this place.
 F = Levels seen in this place.
 G = Mean time per level.
                   A        B        C        D        E       F      G
               +--------+--------+--------+--------+--------+-----+--------+
         Total |   4141 |   3949 |    192 |    742 |   2816 |   4 | 1035.2 |
       Dungeon |   4141 |   3949 |    192 |    742 |   2816 |   4 | 1035.2 |
               +--------+--------+--------+--------+--------+-----+--------+

Top non-repeatable levels by time:
     D:3: 1491 daAuts
     D:2: 1338 daAuts
     D:1: 983 daAuts
     D:4: 328 daAuts
